[ AOE2 MATCH · #508036351 ]
UnrankedAztecs vs Portuguese
Player's team · LOSS
[ REPLAY ANALYSIS · EXTRACTED FROM THE RECORDED GAME ]
Feudal
10:09
Castle
—
Imperial
—
| APM avg | 72.7 |
| APM peak | 112 |
| eAPM avg | 30.7 |
| Villagers / military | 32 / 25 |
Focus
⚔️ 43.2% · 🌾 56.8%
Skirmisher ×10 · Archer ×9 · Militia ×6
Feudal
9:15
Castle
—
Imperial
—
| APM avg | 41.4 |
| APM peak | 73 |
| eAPM avg | 22.3 |
| Villagers / military | 59 / 33 |
Focus
⚔️ 35.4% · 🌾 64.6%
Archer ×16 · Skirmisher ×16 · Militia ×1
Match map
Initial resources + every placement click. Lines = walls · curves = elevation contours. ◆ gold · ⬟ stone · ● berries · ✦ relic · ◌ wall gap
Your base· Open — unwalled flank
SkySailor's base· Open — unwalled flank
Smoothed initial terrain · ◌ = detected wall gap · hover for details
Inputs per minute
— Philippvs II - - SkySailor
Build order — Philippvs II
105 actions detected in the replay
| 0:01 | Queue | Villager (Male) |
| 0:03 | Build | House |
| 0:05 | Build | House |
| 0:10 | Queue | Villager (Male) |
| 0:10 | Queue | Villager (Male) |
| 0:11 | Queue | Villager (Male) |
| 0:58 | Research | Loom |
| 1:26 | Queue | Villager (Male) |
| 1:55 | Queue | Villager (Male) |
| 2:20 | Queue | Villager (Male) |
| 2:21 | Queue | Villager (Male) |
| 2:47 | Queue | Villager (Male) |
| 3:20 | Queue | Villager (Male) |
| 3:23 | Build | House |
| 3:25 | Build | Barracks |
| 3:38 | Queue | Villager (Male) |
| 3:38 | Queue | Villager (Male) |
| 3:54 | Build | House |
| 3:58 | Queue | Villager (Male) |
| 4:13 | Research | Loom |
| 4:20 | Queue | Villager (Male) |
| 4:20 | Research | Loom |
| 4:44 | Queue | Villager (Male) |
| 4:44 | Queue | Militia |
| 4:44 | Queue | Militia |
| 4:46 | Queue | Militia |
| 4:54 | Build | Palisade Wall |
| 4:55 | Build | Palisade Wall |
| 4:56 | Build | Palisade Wall |
| 5:11 | Queue | Militia |
| 5:30 | Queue | Militia |
| 5:43 | Queue | Villager (Male) |
| 5:53 | Queue | Villager (Male) |
| 6:03 | Queue | Militia |
| 6:10 | Build | Mill |
| 7:59 | Research | Feudal Age |
| 8:39 | Build | House |
| 8:44 | Build | House |
| 8:47 | Build | Lumber Camp |
| 10:05 | Build | Mining Camp |
| 10:09 | Age | Feudal Age |
| 10:15 | Build | Watch Tower |
| 10:20 | Research | Double-Bit Axe |
| 10:21 | Queue | Villager (Male) |
| 10:45 | Queue | Villager (Male) |
| 11:07 | Build | Mining Camp |
| 11:12 | Queue | Villager (Male) |
| 11:24 | Build | House |
| 11:43 | Queue | Villager (Male) |
| 11:51 | Build | Palisade Wall |
| 11:59 | Build | House |
| 12:00 | Build | Palisade Wall |
| 12:01 | Build | Palisade Wall |
| 12:02 | Build | Palisade Wall |
| 12:10 | Queue | Villager (Male) |
| 12:36 | Build | Archery Range |
| 12:56 | Queue | Villager (Male) |
| 12:59 | Build | Palisade Wall |
| 13:03 | Build | Mill |
| 13:38 | Queue | Skirmisher |
| 13:38 | Queue | Skirmisher |
| 13:42 | Build | Watch Tower |
| 13:50 | Queue | Skirmisher |
| 14:04 | Queue | Villager (Male) |
| 14:10 | Queue | Archer |
| 14:15 | Queue | Skirmisher |
| 14:15 | Queue | Skirmisher |
| 14:35 | Queue | Archer |
| 14:43 | Build | Farm |
| 14:52 | Queue | Skirmisher |
| 15:04 | Build | Watch Tower |
| 15:06 | Queue | Skirmisher |
| 15:12 | Queue | Skirmisher |
| 15:17 | Build | Farm |
| 15:24 | Queue | Villager (Male) |
| 15:34 | Queue | Skirmisher |
| 15:40 | Queue | Archer |
| 15:49 | Build | House |
| 16:20 | Build | Watch Tower |
| 16:24 | Build | Palisade Wall |
| 16:26 | Build | Palisade Wall |
| 16:46 | Queue | Archer |
| 17:15 | Build | House |
| 17:22 | Queue | Archer |
| 17:34 | Build | Palisade Wall |
| 17:45 | Build | House |
| 18:11 | Build | House |
| 18:23 | Queue | Villager (Male) |
| 18:25 | Queue | Villager (Male) |
| 18:31 | Build | Farm |
| 18:32 | Queue | Villager (Male) |
| 18:51 | Queue | Archer |
| 19:15 | Queue | Villager (Male) |
| 19:17 | Build | House |
| 19:26 | Build | House |
| 19:31 | Queue | Archer |
| 19:56 | Queue | Skirmisher |
| 20:09 | Build | Watch Tower |
| 20:20 | Queue | Archer |
| 20:40 | Queue | Archer |
| 20:42 | Queue | Villager (Male) |
| 20:51 | Build | Lumber Camp |
| 20:52 | Queue | Villager (Male) |
| 21:06 | Build | Farm |
| 21:07 | Queue | Villager (Male) |
Build order — SkySailor
146 actions detected in the replay
| 0:00 | Queue | Villager (Male) |
| 0:00 | Queue | Villager (Male) |
| 0:01 | Queue | Villager (Male) |
| 0:02 | Build | House |
| 0:03 | Build | House |
| 0:16 | Queue | Villager (Male) |
| 1:29 | Queue | Villager (Male) |
| 1:48 | Queue | Villager (Male) |
| 1:53 | Build | Lumber Camp |
| 2:23 | Queue | Villager (Male) |
| 2:52 | Queue | Villager (Male) |
| 3:02 | Queue | Villager (Male) |
| 3:32 | Queue | Villager (Male) |
| 3:48 | Build | House |
| 3:59 | Queue | Villager (Male) |
| 4:17 | Build | Mill |
| 4:27 | Queue | Villager (Male) |
| 5:00 | Queue | Villager (Male) |
| 5:01 | Queue | Villager (Male) |
| 5:01 | Queue | Villager (Male) |
| 5:20 | Queue | Villager (Male) |
| 5:21 | Queue | Villager (Male) |
| 5:21 | Queue | Villager (Male) |
| 5:55 | Queue | Villager (Male) |
| 6:02 | Queue | Villager (Male) |
| 6:28 | Research | Loom |
| 6:40 | Build | Barracks |
| 6:50 | Build | Palisade Wall |
| 6:55 | Queue | Villager (Male) |
| 7:05 | Research | Feudal Age |
| 7:28 | Build | House |
| 7:30 | Build | Palisade Wall |
| 7:31 | Build | Palisade Wall |
| 7:38 | Queue | Militia |
| 7:47 | Build | Palisade Wall |
| 7:56 | Build | Palisade Wall |
| 7:57 | Build | Palisade Wall |
| 7:58 | Build | Palisade Wall |
| 8:01 | Build | Palisade Wall |
| 8:03 | Build | Palisade Wall |
| 8:06 | Build | Palisade Wall |
| 8:42 | Build | Mining Camp |
| 9:13 | Queue | Villager (Male) |
| 9:15 | Age | Feudal Age |
| 9:36 | Build | Archery Range |
| 9:40 | Queue | Villager (Male) |
| 9:47 | Queue | Villager (Male) |
| 10:11 | Queue | Archer |
| 10:17 | Research | Double-Bit Axe |
| 10:23 | Queue | Archer |
| 10:33 | Queue | Villager (Male) |
| 10:33 | Queue | Villager (Male) |
| 10:33 | Queue | Villager (Male) |
| 10:38 | Build | Farm |
| 10:49 | Build | House |
| 10:52 | Research | Town Watch |
| 11:00 | Queue | Archer |
| 11:15 | Build | House |
| 11:18 | Queue | Villager (Male) |
| 11:20 | Queue | Archer |
| 11:25 | Build | Farm |
| 11:27 | Queue | Villager (Male) |
| 11:33 | Queue | Archer |
| 11:46 | Queue | Villager (Male) |
| 11:53 | Build | Blacksmith |
| 12:18 | Queue | Skirmisher |
| 12:20 | Queue | Archer |
| 12:23 | Queue | Villager (Male) |
| 12:31 | Queue | Archer |
| 12:35 | Build | Farm |
| 12:40 | Research | Fletching |
| 12:41 | Build | Farm |
| 12:52 | Build | Mining Camp |
| 12:58 | Queue | Archer |
| 13:03 | Build | Farm |
| 13:05 | Queue | Villager (Male) |
| 13:16 | Queue | Archer |
| 13:20 | Build | Farm |
| 13:39 | Queue | Archer |
| 13:44 | Build | Farm |
| 13:46 | Queue | Archer |
| 13:54 | Queue | Villager (Male) |
| 13:56 | Build | House |
| 14:02 | Queue | Villager (Male) |
| 14:02 | Queue | Villager (Male) |
| 14:13 | Build | Farm |
| 14:14 | Build | Farm |
| 14:16 | Queue | Villager (Male) |
| 14:21 | Build | Lumber Camp |
| 14:44 | Queue | Villager (Male) |
| 14:45 | Build | Farm |
| 14:48 | Build | Farm |
| 14:51 | Queue | Archer |
| 14:52 | Queue | Skirmisher |
| 15:03 | Queue | Villager (Male) |
| 15:03 | Queue | Villager (Male) |
| 15:09 | Build | Mill |
| 15:17 | Queue | Archer |
| 15:17 | Queue | Archer |
| 15:20 | Queue | Villager (Male) |
| 15:28 | Build | House |
| 15:30 | Queue | Archer |
| 15:30 | Queue | Archer |
| 15:35 | Build | House |
| 15:46 | Build | House |
| 15:48 | Build | House |
| 15:54 | Queue | Villager (Male) |
| 15:54 | Queue | Villager (Male) |
| 15:59 | Queue | Skirmisher |
| 15:59 | Queue | Skirmisher |
| 16:15 | Queue | Skirmisher |
| 16:16 | Queue | Skirmisher |
| 16:41 | Queue | Villager (Male) |
| 17:12 | Queue | Villager (Male) |
| 17:13 | Queue | Villager (Male) |
| 17:20 | Queue | Villager (Male) |
| 17:20 | Queue | Villager (Male) |
| 17:26 | Queue | Skirmisher |
| 17:28 | Build | House |
| 17:32 | Build | Palisade Wall |
| 17:51 | Queue | Skirmisher |
| 17:51 | Queue | Skirmisher |
| 17:51 | Queue | Skirmisher |
| 17:52 | Queue | Skirmisher |
| 17:52 | Queue | Skirmisher |
| 17:54 | Queue | Villager (Male) |
| 17:55 | Queue | Villager (Male) |
| 18:12 | Queue | Skirmisher |
| 18:27 | Queue | Villager (Male) |
| 18:30 | Build | Farm |
| 18:34 | Build | House |
| 18:56 | Queue | Skirmisher |
| 18:56 | Queue | Skirmisher |
| 19:01 | Build | Farm |
| 19:26 | Queue | Skirmisher |
| 19:32 | Build | Archery Range |
| 19:53 | Build | Watch Tower |
| 19:58 | Queue | Villager (Male) |
| 19:58 | Queue | Villager (Male) |
| 19:58 | Queue | Villager (Male) |
| 20:10 | Queue | Villager (Male) |
| 20:10 | Queue | Villager (Male) |
| 20:10 | Queue | Villager (Male) |
| 21:13 | Queue | Villager (Male) |
| 21:13 | Queue | Villager (Male) |
| 21:13 | Queue | Villager (Male) |
Match timeline
| 3:25 | Philippvs II · first_building Barracks |
| 4:54 | Philippvs II · wall_segment Palisade Wall x1 |
| 4:55 | Philippvs II · wall_segment Palisade Wall x1 |
| 4:56 | Philippvs II · wall_segment Palisade Wall x1 |
| 6:40 | SkySailor · first_building Barracks |
| 6:50 | SkySailor · wall_segment Palisade Wall x6 |
| 7:30 | SkySailor · wall_segment Palisade Wall x1 |
| 7:31 | SkySailor · wall_segment Palisade Wall x1 |
| 7:47 | SkySailor · wall_segment Palisade Wall x1 |
| 7:56 | SkySailor · wall_segment Palisade Wall x1 |
| 7:57 | SkySailor · wall_segment Palisade Wall x1 |
| 7:58 | SkySailor · wall_segment Palisade Wall x1 |
| 8:01 | SkySailor · wall_segment Palisade Wall x1 |
| 8:03 | SkySailor · wall_segment Palisade Wall x1 |
| 8:06 | SkySailor · wall_segment Palisade Wall x1 |
| 9:15 | SkySailor · age_up feudal |
| 9:36 | SkySailor · first_building Archery Range |
| 10:09 | Philippvs II · age_up feudal |
| 11:51 | Philippvs II · wall_segment Palisade Wall x1 |
| 12:00 | Philippvs II · wall_segment Palisade Wall x1 |
| 12:01 | Philippvs II · wall_segment Palisade Wall x2 |
| 12:02 | Philippvs II · wall_segment Palisade Wall x2 |
| 12:36 | Philippvs II · first_building Archery Range |
| 12:59 | Philippvs II · wall_segment Palisade Wall x4 |
| 16:24 | Philippvs II · wall_segment Palisade Wall x2 |
| 16:26 | Philippvs II · wall_segment Palisade Wall x9 |
| 17:32 | SkySailor · wall_segment Palisade Wall x1 |
| 17:34 | Philippvs II · wall_segment Palisade Wall x6 |
| 21:13 | Philippvs II · resign |
[ AI ANALYSIS · 1 CREDIT ]
What really happened in this match?
Wolo.gg analyzes every decision: build order, eco, micro, common mistakes by bracket. Personalized analysis on WhatsApp or Discord in 30 seconds.
Civ guide
Aztecs
Perfil
Jugador #5601832